 Dungeon Crawl Stone Soup version 0.25-a0-513-ge77a69270c (webtiles) character file.

Game seed: 2077841936221290564, levelgen mode: deterministic

14 Forecaster the Sneak (level 2, -4/22 HPs)
             Began as a Naga Wizard on Feb 16, 2020.
             Slain by a hobgoblin (5 damage)
             ... on level 1 of the Dungeon.
             The game lasted 00:03:49 (718 turns).

Forecaster the Sneak (Naga Wizard)                   Turns: 718, Time: 00:03:49

Health: -4/22      AC:  1    Str:  9    XL:     2   Next: 45%
Magic:  3/6        EV: 10    Int: 18    God:
Gold:   39         SH:  0    Dex:  9    Spells: 6/7 levels left

rFire    . . .     SeeInvis +   e - +0 dagger
rCold    . . .     Gourm    .   (no shield)
rNeg     . . .     Faith    .   a - +0 robe
rPois    +         Spirit   .   b - +0 hat
rElec    .         Reflect  .   (no cloak)
rCorr    .         Harm     .   (no gloves)
MR       .....                  (no barding)
Stlth    ++........             (no amulet)
HPRegen  0.07/turn              (no ring)
MPRegen  0.10/turn              (no ring)

@: very slow
A: large, see invisible, deformed body, poison resistance, slowness 2, slow
metabolism 1, spit poison 1, AC +0
a: Spit Poison


You were on level 1 of the Dungeon.
You were not hungry.

You visited 1 branch of the dungeon, and saw 1 of its levels.

You collected 39 gold pieces.

Inventory:

Hand Weapons
 c - a +0 dagger
 e - a +0 dagger (weapon)
 h - a +0 dagger
 j - a +0 dagger
Missiles
 g - 17 stones (quivered)
Armour
 a - a +0 robe (worn)
 b - a +0 hat (worn)
Scrolls
 f - a scroll of enchant weapon {unknown}
 i - a scroll of enchant armour {unknown}
 k - a scroll of remove curse {unknown}
 l - a scroll of amnesia {unknown}
Comestibles
 d - 2 rations


   Skills:
 + Level 1.5 Dodging
 + Level 3.8 Stealth
 + Level 3.3 Spellcasting
 + Level 1.0 Conjurations
   Level 1.0 Summonings
   Level 1.0 Translocations


You had 6 spell levels left.
You knew the following spells:

 Your Spells              Type           Power        Failure   Level  Hunger
a - Magic Dart            Conj           #...         11%         1    None

Your spell library contained the following spells:

 Spells                   Type           Power        Failure   Level  Hunger
 Blink                    Tloc           N/A          16%         2    ##.....
 Call Imp                 Summ           #.......     16%         2    ##.....
 Slow                     Hex            #.......     24%         2    ##.....
 Conjure Flame            Conj/Fire      #.......     36%         3    ###....
 Mephitic Cloud           Conj/Pois/Air  #.......     38%         3    ###....


Dungeon Overview and Level Annotations

Branches:
Dungeon (1/15)

Altars:


Innate Abilities, Weirdness & Mutations

You cannot wear boots.
Your serpentine skin is tough. (AC +0)
You have supernaturally acute eyesight. (SInv)
Armour fits poorly on your strangely shaped body.
Your system is resistant to poisons. (rPois)
You cover ground very slowly.
You have a slow metabolism.
You can spit poison.


Message History

Press: ? - help, Shift-Dir - straight line, f - bat
Aim: a bat (moderately wounded)
The magic dart hits the bat.
The bat is severely wounded.
The hobgoblin hits you. The bat hits you.
You miss the bat.
The bat is severely wounded.
The bat hits you. The hobgoblin hits you.
* * * LOW HITPOINT WARNING * * *
Casting: Magic Dart (safe; 11% risk of failure)
Confirm with . or Enter, or press ? or * to list all spells.
Aiming: Magic Dart (safe; 11% risk of failure)
Press: ? - help, Shift-Dir - straight line, f - hobgoblin, p - bat
Aim: a hobgoblin The magic dart hits the hobgoblin.
The hobgoblin is moderately wounded.
The bat hits you but does no damage. The bat hits you.
* * * LOW HITPOINT WARNING * * *
The hobgoblin hits you.
You die...

#.#
#...##+#+#####.....#
#.# #.## ....
..####.# #.# #.#
.... .. ..# #.# #.#
.... ... ## #.# #.#
... ...
#.######(###..# ..#
#........(.#..# ....
###.....(g†...# ..##
#....#.#@##.#
#....#.#b#
#....#.#.# .
####.#K#.# .8
#.#g#.# ... #.#.#.#
#.#.#.# #.#


You could see a hobgoblin and a bat.

Vanquished Creatures
  4 goblins (D:1)
  2 hobgoblins (D:1)
  A frilled lizard (D:1)
  5 kobolds (D:1)
  A rat (D:1)
13 creatures vanquished.

Notes
Turn   | Place    | Note
-------+----------+-------------------------------------------
     0 | D:1      | Forecaster the Naga Wizard began the quest for the Orb.
     0 | D:1      | Reached XP level 1. HP: 15/15 MP: 4/4
   198 | D:1      | Reached XP level 2. HP: 2/22 MP: 3/6
   718 | D:1      | HP: 1/22 [bat (1)]
   718 | D:1      | Slain by a hobgoblin

Levels and vault maps discovered:
D:1:      minmay_arrival_semitransparent, layout_basic, minmay_misc_feat_plants

Action                   || total
-------------------------++-------
Melee: Dagger            ||    30
       Unarmed           ||     5
 Cast: Magic Dart        ||    24
 Stab: Sleeping          ||     2
Armor: Robe              ||     8
Dodge: Dodged            ||    23

Table legend:
 A = Non-vault XP
 B = Vault XP
 C = Vault XP percentage of total XP
 D = Non-vault monster count
 E = Vault monster count
 F = Vault count percentage of total count
                 A         B        C        D         E       F
            +---------+---------+-------+---------+---------+-------
      Total |      21 |       0 |   0.0 |      13 |       0 |   0.0
            +---------+---------+-------+---------+---------+-------
        D:1 |      21 |       0 |   0.0 |      13 |       0 |   0.0
            +---------+---------+-------+---------+---------+-------
